 Dungeon Crawl Stone Soup version 0.23-a0-494-g91793a9 (webtiles) character file.

14 KristoblXynda the Skirmisher (level 2, 0/28 HPs)
             Began as a Naga Fighter on Dec 3, 2018.
             Slain by a bat (1 damage)
             ... on level 1 of the Dungeon.
             The game lasted 00:00:56 (359 turns).

KristoblXynda the Skirmisher (Naga Fighter)          Turns: 359, Time: 00:00:57

Health: 0/28       AC:  3    Str: 18    XL:     2   Next: 41%
Magic:  2/2        EV:  6    Int:  8    God:
Gold:   29         SH:  8    Dex: 10    Spells: 1/1 levels left

rFire    . . .     SeeInvis +   a - +0 flail
rCold    . . .     Gourm    .   c - +0 shield
rNeg     . . .     Faith    .   g - +0 ring mail
rPois    +         Spirit   .   (no helmet)
rElec    .         Reflect  .   (no cloak)
rCorr    .         Harm     .   (no gloves)
MR       .....                  (no barding)
Stlth    ..........             (no amulet)
HPRegen  0.09/turn              (no ring)
MPRegen  0.08/turn              (no ring)

@: very slow
A: large, see invisible, deformed body, poison resistance, slowness 2, slow
metabolism 1, spit poison 1, AC +0
a: Spit Poison


You were on level 1 of the Dungeon.
You were not hungry.

You visited 1 branch of the dungeon, and saw 1 of its levels.

You collected 29 gold pieces.

Inventory:

Hand Weapons
 a - a +0 flail (weapon)
Armour
 b - a +0 scale mail
 c - a +0 shield (worn)
 g - a +0 ring mail (worn)
Scrolls
 e - a scroll of enchant weapon {unknown}
 h - a scroll of fog {unknown}
Potions
 d - a potion of might
Comestibles
 f - 4 rations


   Skills:
 - Level 3.0 Fighting
 * Level 2.5 Maces & Flails
 + Level 2.6 Armour
 + Level 2.6 Shields


You had one spell level left.
You didn't know any spells.
Your spell library was empty.

Dungeon Overview and Level Annotations

Branches:
Dungeon (1/15)

Altars:


Innate Abilities, Weirdness & Mutations

You cannot wear boots.
Your serpentine skin is tough. (AC +0)
You have supernaturally acute eyesight. (SInv)
Armour fits poorly on your strangely shaped body.
Your system is resistant to poisons. (rPois)
You cover ground very slowly.
You have a slow metabolism.
You can spit poison.


Message History

You block the bat's attack.
The giant cockroach bites you but does no damage.
You hit the giant cockroach but do no damage.
The giant cockroach bites you.
* * * LOW HITPOINT WARNING * * *
You closely miss the giant cockroach. The giant cockroach bites you.
* * * LOW HITPOINT WARNING * * *
The giant cockroach bites you.
* * * LOW HITPOINT WARNING * * *
You completely miss the giant cockroach.
The giant cockroach bites you.
* * * LOW HITPOINT WARNING * * *
The giant cockroach bites you but does no damage.
You barely miss the giant cockroach. The giant cockroach bites you.
* * * LOW HITPOINT WARNING * * *
You sock the giant cockroach!
You kill the giant cockroach!
The bat hits you but does no damage. The bat hits you but does no damage.
The bat hits you.
You die...

........#.## #.##..
..........)....##.#
##.#....#....#.##.#
##.#.#..#....#.##.#
........#...##.##.#
..≈###..#...##.##.#
≈≈#...#.#...##.##.#####.#
≈≈#.⌠.#.#...##.##†.......
≈≈#...#.#.......@b.#.##.#
≈≈≈###....#.##.###.# #
≈≈≈≈.....)...#.# .#
≈≈≈≈......#..#.# .#
≈≈≈###.........# .# ≈≈
..#......... .. ≈
.⌠.#........# ##
...#......#.# ≈##
.......#


You could see a bat.

Vanquished Creatures
  2 giant cockroaches (D:1)
  2 hobgoblins (D:1)
  2 jackals (D:1)
  2 kobolds (D:1)
  2 bats (D:1)
  2 frilled lizards (D:1)
12 creatures vanquished.

Notes
Turn   | Place    | Note
-------+----------+-------------------------------------------
     0 | D:1      | KristoblXynda the Naga Fighter began the quest for the Orb.
     0 | D:1      | Reached XP level 1. HP: 21/21 MP: 1/1
   239 | D:1      | Reached XP level 2. HP: 28/28 MP: 2/2
   357 | D:1      | HP: 1/28 [giant cockroach (2)]
   359 | D:1      | Slain by a bat

Vault maps used:
D:1:      dpeg_arrival_connections, fountainhead

Action                   || total
-------------------------++-------
Melee: Flail             ||    56
 Abil: Spit Poison       ||     2
Armor: Scale mail        ||     2
       Ring mail         ||    18
Dodge: Dodged            ||    19
Block: Shield            ||    35

Table legend:
 A = Non-vault XP
 B = Vault XP
 C = Vault XP percentage of total XP
 D = Non-vault monster count
 E = Vault monster count
 F = Vault count percentage of total count
                 A         B        C        D         E       F
            +---------+---------+-------+---------+---------+-------
      Total |      20 |       0 |   0.0 |      12 |       0 |   0.0
            +---------+---------+-------+---------+---------+-------
        D:1 |      20 |       0 |   0.0 |      12 |       0 |   0.0
            +---------+---------+-------+---------+---------+-------
